CLL
VISALIA METS @ SAN JOSE BEES
06/30/1982
 
TOP OF THE 1ST
Visalia Mets batting - Pitching for San Jose Bees : RHP Frank Wills
Pitching: RHP Frank Wills
Batting: RHB Danny Ainge 0-0: Ball
1-0: Ball
2-0: Fly out, F5 (Flyball, 5D, EV 90.6 MPH)
Batting: SHB David Navarro 0-0: Ball
1-0: Swinging Strike
1-1: Called Strike
1-2: Ball
2-2: Strikes out swinging
Batting: LHB Huey Gayden 0-0: Called Strike
0-1: Ball
1-1: Ball
2-1: Foul Ball, location: 2F
2-2: Ground out 4-3 (Groundball, 4, EV 101.3 MPH)
Top of the 1st over - 0 runs, 0 hits, 0 errors, 0 left on base; Visalia 0 - San Jose 0
BOTTOM OF THE 1ST
San Jose Bees batting - Pitching for Visalia Mets : LHP Tom Bolton
Pitching: LHP Tom Bolton
Batting: RHB Anthony Laurenzi 0-0: Ball
1-0: Ball
2-0: Called Strike
2-1: Ball
3-1: Base on Balls
Batting: RHB Ron MacDonald 0-0: Ball
1-0: Fly out, F9 (Flyball, 9LS, EV 90.6 MPH)
Batting: LHB Stanley Davis 0-0: Ball
Anthony Laurenzi steals 2nd base (no throw)
1-0: Ground out 4-3 (Groundball, 13, EV 76.9 MPH)
Anthony Laurenzi to third
Batting: RHB Ricky McMullen 0-0: Called Strike
0-1: Fly out, F9 (Line Drive, 9, EV 98.1 MPH)
Bottom of the 1st over - 0 runs, 0 hits, 0 errors, 1 left on base; Visalia 0 - San Jose 0
TOP OF THE 2ND
Visalia Mets batting - Pitching for San Jose Bees : RHP Frank Wills
Batting: LHB Pete Dalena 0-0: Ground out 4-3 (Groundball, 4, EV 78.1 MPH)
Batting: SHB Marcos Gomez 0-0: Ball
1-0: Fly out, F9 (Flyball, 89D, EV 86.9 MPH)
Batting: RHB Ed Sedar 0-0: Swinging Strike
0-1: Swinging Strike
0-2: Foul Ball, location: 2F
0-2: Ball
1-2: Ball
2-2: Ball
3-2: SINGLE (Groundball, 6MD, EV 95.0 MPH)
Batting: RHB Gabriel de la Sancha 0-0: Ball
1-0: Ground out 5-3 (Groundball, 56, EV 94.4 MPH)
Top of the 2nd over - 0 runs, 1 hit, 0 errors, 1 left on base; Visalia 0 - San Jose 0
BOTTOM OF THE 2ND
San Jose Bees batting - Pitching for Visalia Mets : LHP Tom Bolton
Batting: RHB Ray Torres 0-0: Ball
1-0: DOUBLE (Flyball, 8LXD, EV 105.6 MPH)
Batting: RHB Michael Parker 0-0: Ball
1-0: Called Strike
1-1: 2-RUN HOME RUN (Flyball, 78XD, EV 100.0 MPH), Distance : 409 ft
Batting: RHB Timothy Wallace 0-0: Ground out 4-3 (Groundball, 4, EV 84.4 MPH)
Batting: LHB Dale Weaver 0-0: Called Strike
0-1: Swinging Strike
0-2: Strikes out swinging
Batting: RHB Bill Pinkham 0-0: Ball
1-0: Fly out, F7 (Flyball, 78XD, EV 105.0 MPH)
Bottom of the 2nd over - 2 runs, 2 hits, 0 errors, 0 left on base; Visalia 0 - San Jose 2
TOP OF THE 3RD
Visalia Mets batting - Pitching for San Jose Bees : RHP Frank Wills
Batting: RHB Ken Frazier 0-0: Ball
1-0: Ball
2-0: Swinging Strike
2-1: Foul Ball, location: 2F
2-2: Strikes out swinging
Batting: RHB Eddie Dennis 0-0: Ball
1-0: Ground out 6-3 (Groundball, 6, EV 106.3 MPH)
Batting: RHB Danny Ainge 0-0: Called Strike
0-1: Ball
1-1: Called Strike
1-2: Ball
2-2: Ball
3-2: Base on Balls
Batting: SHB David Navarro 0-0: Ball
1-0: Called Strike
1-1: Foul Ball, location: 2F
1-2: Fly out, F8 (Line Drive, 8LM, EV 91.9 MPH)
Top of the 3rd over - 0 runs, 0 hits, 0 errors, 1 left on base; Visalia 0 - San Jose 2
BOTTOM OF THE 3RD
San Jose Bees batting - Pitching for Visalia Mets : LHP Tom Bolton
Batting: RHB Anthony Laurenzi 0-0: Ball
1-0: Ball
2-0: Foul Ball, location: 2F
2-1: Ball
3-1: Foul Ball, location: 2F
3-2: Fly out, F4 (Flyball, 34D, EV 85.0 MPH)
Batting: RHB Ron MacDonald 0-0: Ball
1-0: Called Strike
1-1: Ball
2-1: Fly out, F8 (Flyball, 8LS, EV 96.9 MPH)
Batting: LHB Stanley Davis 0-0: Ball
1-0: Swinging Strike
1-1: Foul Ball, location: 2F
1-2: Fly out, F6 (Popup, 6S, EV 81.3 MPH)
Bottom of the 3rd over - 0 runs, 0 hits, 0 errors, 0 left on base; Visalia 0 - San Jose 2
TOP OF THE 4TH
Visalia Mets batting - Pitching for San Jose Bees : RHP Frank Wills
Batting: LHB Huey Gayden 0-0: Ball
1-0: Ball
2-0: DOUBLE (Line Drive, 78D, EV 106.9 MPH)
Batting: LHB Pete Dalena 0-0: Ball
1-0: Foul Ball, location: 2F
1-1: Ball
2-1: Ground out 4-3 (Groundball, 4D, EV 100.0 MPH)
Huey Gayden to third
Pitching: LHP Gerald Stutzriem
Batting: SHB Marcos Gomez 0-0: Ball
1-0: Called Strike
1-1: Ground out 4-3 (Groundball, 4, EV 108.8 MPH)
Huey Gayden scores
Batting: RHB Ed Sedar 0-0: Called Strike
0-1: Ball
1-1: Foul Ball, location: 2F
1-2: Ball
2-2: Foul Ball, location: 2F
2-2: Foul Ball, location: 2F
2-2: Strikes out swinging
Top of the 4th over - 1 run, 1 hit, 0 errors, 0 left on base; Visalia 1 - San Jose 2
BOTTOM OF THE 4TH
San Jose Bees batting - Pitching for Visalia Mets : LHP Tom Bolton
Batting: RHB Ricky McMullen 0-0: Called Strike
0-1: Ball
1-1: Ball
2-1: Ball
3-1: Base on Balls
Batting: RHB Ray Torres 0-0: Ball
Ricky McMullen is caught stealing 2nd base 2-4
1-0: Ball
2-0: Foul Ball, location: 2F
2-1: Ground out 4-3 (Groundball, 34, EV 76.9 MPH)
Batting: RHB Michael Parker 0-0: Swinging Strike
0-1: Foul Ball, location: 2F
0-2: Strikes out swinging
Bottom of the 4th over - 0 runs, 0 hits, 0 errors, 0 left on base; Visalia 1 - San Jose 2
TOP OF THE 5TH
Visalia Mets batting - Pitching for San Jose Bees : LHP Gerald Stutzriem
Batting: RHB Gabriel de la Sancha 0-0: Ball
1-0: Called Strike
1-1: Foul Ball, location: 2F
1-2: Ball
2-2: Foul Ball, location: 2F
2-2: Ball
3-2: Foul Ball, location: 2F
3-2: Strikes out swinging
Batting: RHB Ken Frazier 0-0: Ground out 6-3 (Groundball, 6M, EV 105.0 MPH)
Batting: RHB Eddie Dennis 0-0: Ground out 6-3 (Groundball, 6D, EV 110.6 MPH)
Top of the 5th over - 0 runs, 0 hits, 0 errors, 0 left on base; Visalia 1 - San Jose 2
BOTTOM OF THE 5TH
San Jose Bees batting - Pitching for Visalia Mets : LHP Tom Bolton
Batting: RHB Timothy Wallace 0-0: Ball
1-0: Ball
2-0: Ball
3-0: Foul Ball, location: 2F
3-1: Called Strike
3-2: SINGLE (Line Drive, 4D, EV 97.5 MPH)
Batting: LHB Dale Weaver 0-0: Called Strike
0-1: Called Strike
0-2: Grounds into double play, 5-4-3 (Groundball, 5L, EV 100.0 MPH)
Batting: RHB Bill Pinkham 0-0: Ground out 6-3 (Groundball, 6MS, EV 65.6 MPH)
Bottom of the 5th over - 0 runs, 1 hit, 0 errors, 0 left on base; Visalia 1 - San Jose 2
TOP OF THE 6TH
Visalia Mets batting - Pitching for San Jose Bees : LHP Gerald Stutzriem
Batting: RHB Danny Ainge 0-0: Ball
1-0: Fly out, F8 (Line Drive, 8RM, EV 92.5 MPH)
Batting: SHB David Navarro 0-0: Called Strike
0-1: SINGLE (Line Drive, 4D, EV 95.0 MPH)
Batting: LHB Huey Gayden 0-0: Called Strike
0-1: Ball
1-1: SINGLE (Flyball, 7S, EV 91.3 MPH)
David Navarro to second
Batting: LHB Pete Dalena 0-0: Ground out 4-3 (Groundball, 34D, EV 102.5 MPH)
David Navarro to third
Huey Gayden to second
Batting: SHB Marcos Gomez 0-0: Ball
1-0: Called Strike
1-1: Foul Ball, location: 2F
1-2: Ball
2-2: Ball
3-2: Strikes out looking
Top of the 6th over - 0 runs, 2 hits, 0 errors, 2 left on base; Visalia 1 - San Jose 2
BOTTOM OF THE 6TH
San Jose Bees batting - Pitching for Visalia Mets : LHP Tom Bolton
Batting: RHB Anthony Laurenzi 0-0: Ball
1-0: Ball
2-0: Called Strike
2-1: Foul Ball, location: 2F
2-2: Strikes out swinging
Pitching: RHP Marcos Gonzalez
Batting: RHB Ron MacDonald 0-0: Called Strike
0-1: Fly out, F2 (Popup, 15S, EV 88.1 MPH)
Batting: LHB Stanley Davis 0-0: Called Strike
0-1: Ball
1-1: Ball
2-1: Foul Ball, location: 2F
2-2: Ball
3-2: Ground out U3 (Groundball, 3D, EV 101.9 MPH)
Bottom of the 6th over - 0 runs, 0 hits, 0 errors, 0 left on base; Visalia 1 - San Jose 2
TOP OF THE 7TH
Visalia Mets batting - Pitching for San Jose Bees : LHP Gerald Stutzriem
Batting: RHB Ed Sedar 0-0: Ball
1-0: Foul Ball, location: 2F
1-1: Foul Ball, location: 2F
1-2: Ball
2-2: Fly out, F9 (Flyball, 9S, EV 95.6 MPH)
Batting: RHB Gabriel de la Sancha 0-0: Ground out 6-3 (Groundball, P, EV 76.3 MPH)
Batting: RHB Ken Frazier 0-0: Foul Ball, location: 2F
0-1: Called Strike
0-2: Foul Ball, location: 2F
0-2: SINGLE (Flyball, 9LS, EV 89.4 MPH)
Batting: RHB Eddie Dennis 0-0: Ball
1-0: Called Strike
1-1: Ball
2-1: SINGLE (Flyball, 9LS, EV 98.1 MPH)
Ken Frazier to second
Runner from 2nd tries for 3rd, SAFE, throw by RF made to third
Batting: RHB Danny Ainge 0-0: Fielders Choice at 2nd, 6-4 (Groundball, 6, EV 92.5 MPH)
Top of the 7th over - 0 runs, 2 hits, 0 errors, 2 left on base; Visalia 1 - San Jose 2
BOTTOM OF THE 7TH
San Jose Bees batting - Pitching for Visalia Mets : RHP Marcos Gonzalez
Batting: RHB Ricky McMullen 0-0: Swinging Strike
0-1: Ball
1-1: Foul Ball, location: 2F
1-2: Ball
2-2: Foul Ball, location: 2F
2-2: Ball
3-2: Fly out, F9 (Flyball, 9, EV 85.0 MPH)
Batting: RHB Ray Torres 0-0: Ball
1-0: Called Strike
1-1: Ball
2-1: Foul Ball, location: 2F
2-2: Strikes out swinging
Batting: RHB Michael Parker 0-0: Ball
1-0: Called Strike
1-1: Ball
2-1: Fly out, F7 (Flyball, 7LM, EV 98.1 MPH)
Bottom of the 7th over - 0 runs, 0 hits, 0 errors, 0 left on base; Visalia 1 - San Jose 2
TOP OF THE 8TH
Visalia Mets batting - Pitching for San Jose Bees : LHP Gerald Stutzriem
Batting: SHB David Navarro 0-0: Swinging Strike
0-1: Ball
1-1: Foul Ball, location: 2F
1-2: Foul Ball, location: 2F
1-2: Ball
2-2: Ground out 6-3 (Groundball, 6, EV 86.3 MPH)
Batting: LHB Huey Gayden 0-0: Called Strike
0-1: Single, Error in OF, E9, batter to second base (Line Drive, 89S, EV 87.5 MPH)
Pitching: RHP Ronald Crum
Batting: LHB Pete Dalena 0-0: Called Strike
0-1: Ball
1-1: Ball
2-1: Ground out 4-3 (Groundball, 4MD, EV 90.0 MPH)
Huey Gayden to third
Batting: SHB Marcos Gomez 0-0: Ball
1-0: Ball
2-0: Ball
3-0: Base on Balls
Batting: RHB Ed Sedar 0-0: Ball
1-0: Ball
2-0: Foul Ball, location: 2F
2-1: Ball
3-1: Base on Balls
Marcos Gomez to second
Batting: RHB Gabriel de la Sancha 0-0: Called Strike
0-1: Ball
1-1: Foul Ball, location: 2F
1-2: Ball
2-2: Ground out 5-3 (Groundball, 56S, EV 88.8 MPH)
Top of the 8th over - 0 runs, 1 hit, 1 error, 3 left on base; Visalia 1 - San Jose 2
BOTTOM OF THE 8TH
San Jose Bees batting - Pitching for Visalia Mets : RHP Marcos Gonzalez
Batting: RHB Timothy Wallace 0-0: Fly out, F8 (Flyball, 8RD, EV 83.8 MPH)
Batting: LHB Dale Weaver 0-0: Called Strike
0-1: Ball
1-1: Called Strike
1-2: Ball
2-2: Ball
3-2: Foul Ball, location: 2F
3-2: Strikes out swinging
Batting: RHB Bill Pinkham 0-0: Called Strike
0-1: Foul Ball, location: 2F
0-2: Ball
1-2: Ball
2-2: Fly out, F8 (Line Drive, 8RD, EV 93.8 MPH)
Bottom of the 8th over - 0 runs, 0 hits, 0 errors, 0 left on base; Visalia 1 - San Jose 2
TOP OF THE 9TH
Visalia Mets batting - Pitching for San Jose Bees : RHP Ronald Crum
Batting: RHB Ken Frazier 0-0: Called Strike
0-1: SINGLE (Flyball, 78D, EV 110.6 MPH)
Batting: RHB Eddie Dennis 0-0: Ball
1-0: Bunt missed!
1-1: Bunted foul
1-2: Foul Ball, location: 2F
1-2: Ball
2-2: Ground out 4-3 (Groundball, 34S, EV 73.8 MPH)
Ken Frazier to second
Pinch Hitting: LHB Ricky Eberly 0-0: Called Strike
0-1: Ball
1-1: Fly out, F8 (Line Drive, 8LD, EV 92.5 MPH)
Runner from 2nd tags up, SAFE at 3rd with throw by CF
Batting: SHB David Navarro 0-0: Swinging Strike
0-1: SINGLE (Groundball, 34D, EV 98.1 MPH)
Ken Frazier scores
Batting: LHB Huey Gayden 0-0: Ball
1-0: Ball
2-0: Ground out U3 (Groundball, 3, EV 82.5 MPH)
Top of the 9th over - 1 run, 2 hits, 0 errors, 1 left on base; Visalia 2 - San Jose 2
BOTTOM OF THE 9TH
San Jose Bees batting - Pitching for Visalia Mets : RHP Marcos Gonzalez
Now at 3B: Ricky Eberly
Batting: RHB Anthony Laurenzi 0-0: Called Strike
0-1: Swinging Strike
0-2: Strikes out swinging
Pinch Hitting: LHB Joop Kramer 0-0: Ground out 2-3 (Groundball, 2R, EV 67.5 MPH)
Batting: LHB Stanley Davis 0-0: Foul Ball, location: 2F
0-1: Called Strike
0-2: SINGLE (Line Drive, 56D, EV 103.8 MPH)
Pitching: RHP Timothy O'Neill
Batting: RHB Ricky McMullen 0-0: Ball
1-0: Swinging Strike
1-1: Ball
2-1: Swinging Strike
2-2: Reached on error, E6 (Groundball, 56, EV 90.0 MPH)
Stanley Davis to second
Batting: RHB Ray Torres 0-0: Ball
1-0: Fly out, F8 (Flyball, 78D, EV 96.9 MPH)
Bottom of the 9th over - 0 runs, 1 hit, 1 error, 2 left on base; Visalia 2 - San Jose 2
TOP OF THE 10TH
Visalia Mets batting - Pitching for San Jose Bees : RHP Ronald Crum
Now at 3B: Rod Booker
Batting: LHB Pete Dalena 0-0: Called Strike
0-1: Foul Ball, location: 2F
0-2: Foul Ball, location: 2F
0-2: Ball
1-2: SINGLE (Groundball, 4D, EV 98.8 MPH)
Batting: SHB Marcos Gomez 0-0: Ball
1-0: Fly out, F9 (Line Drive, 9, EV 95.0 MPH)
Batting: RHB Ed Sedar 0-0: Ball
1-0: Called Strike
1-1: Foul Ball, location: 2F
1-2: Ball
2-2: Foul Ball, location: 2F
2-2: Strikes out swinging
Pitching: RHP Rick A Anderson
Batting: RHB Gabriel de la Sancha 0-0: Ball
1-0: Called Strike
1-1: DOUBLE (Line Drive, 5D, EV 95.0 MPH)
Pete Dalena to third
Runner from 3rd tries for Home, SAFE, no throw by LF
Batting: RHB Ken Frazier 0-0: Ground out 4-3 (Groundball, 34, EV 90.6 MPH)
Top of the 10th over - 1 run, 2 hits, 0 errors, 1 left on base; Visalia 3 - San Jose 2
BOTTOM OF THE 10TH
San Jose Bees batting - Pitching for Visalia Mets : RHP Timothy O'Neill
Pitching: RHP Dennis Long
Batting: RHB Michael Parker 0-0: Ball
1-0: Ground out 4-3 (Groundball, 34, EV 82.5 MPH)
Batting: RHB Timothy Wallace 0-0: Called Strike
0-1: Ball
1-1: Ball
2-1: SINGLE (Groundball, 4D, EV 102.5 MPH)
Batting: LHB Dale Weaver 0-0: Ball
1-0: Ball
2-0: Called Strike
2-1: Swinging Strike
2-2: Foul Ball, location: 2F
2-2: Grounds into double play, 5-4-3 (Groundball, 5L, EV 105.0 MPH)
Bottom of the 10th over - 0 runs, 1 hit, 0 errors, 0 left on base; Visalia 3 - San Jose 2
Wednesday, August 12th, 2020 - OOTP Baseball 21.5 Build 76